 Dungeon Crawl Stone Soup version 0.29-a0-8-g0446c0dae4 (webtiles) character file.

Game seed: 15761256874146854906

1419 sanka the Conjurer (level 8, 0/58 HPs)
             Began as a Gnoll Conjurer on Jan 27, 2022.
             Slain by Maggie (12 damage)
             ... on level 6 of the Dungeon.
             The game lasted 00:06:36 (6255 turns).

sanka the Conjurer (Gnoll Conjurer)                 Turns: 6255, Time: 00:06:36

Health: 0/58       AC:  9    Str:  4 (7)  XL:     8   Next: 71%
Magic:  11/17      EV: 13    Int: 16 (19) God:
Gold:   233        SH:  0    Dex: 10 (11) Spells: 16/19 levels left

rFire   + . .      SeeInvis .   t - +0 halberd
rCold   + + .      Faith    +   (shield currently unavailable)
rNeg    . . .      Spirit   .   a - +0 robe
rPois   +          Reflect  .   (no helmet)
rElec   +          Harm     .   k - +0 cloak
rCorr   +          Rampage  .   (no gloves)
Will    .....                   (no boots)
Stlth   +++.......              s - amulet of faith
HPRegen 0.19/turn               j - +4 ring of slaying
MPRegen 0.15/turn               f - +4 ring of protection

@: brilliant, resistant, attractive, flying
A: fangs 1, strong nose, distributed training, iridescent scales 1, cold
resistance 1
a: no special abilities


You were on level 6 of the Dungeon.
You visited 1 branch of the dungeon, and saw 6 of its levels.

You collected 233 gold pieces.


Innate Abilities, Weirdness & Mutations

You have very sharp teeth.
Your uncanny sense of smell can sniff out nearby items.
Your experience applies equally to all skills.
You are partially covered in iridescent scales. (AC +2)
Your flesh is cold resistant. (rC+)


   Skills:
 + Level 3.5 Fighting
 + Level 3.5 Short Blades
 + Level 3.5 Long Blades
 + Level 3.5 Axes
 + Level 3.5 Maces & Flails
 + Level 3.5 Polearms
 + Level 3.5 Staves
 + Level 3.5 Slings
 + Level 3.5 Bows
 + Level 3.5 Crossbows
 + Level 3.5 Throwing
 + Level 3.5 Armour
 + Level 5.8 Dodging
 + Level 5.5 Stealth
 + Level 3.5 Shields
 + Level 3.5 Unarmed Combat
 + Level 6.2 Spellcasting
 + Level 7.7 Conjurations
 + Level 2.9 Hexes
 + Level 2.9 Summonings
 + Level 2.9 Necromancy
 + Level 2.9 Translocations
 + Level 2.9 Transmutations
 + Level 2.9 Fire Magic
 + Level 2.9 Ice Magic
 + Level 2.9 Air Magic
 + Level 2.9 Earth Magic
 + Level 2.9 Poison Magic
 + Level 3.9 Invocations
 + Level 3.5 Evocations


You had 16 spell levels left.
You knew the following spells:

 Your Spells              Type           Power      Damage    Failure   Level
x - Searing Ray           Conj           88%        2d7       1%          2
z - Magic Dart            Conj           100%       1d8       1%          1

Your spell library contained the following spells:

 Spells                   Type           Power      Damage    Failure   Level
 Sting                    Tmut/Pois      84%        1d7       4%          1
 Dazzling Flash           Conj/Hex       66%        N/A       4%          3
 Corpse Rot               Necr/Air       42%        N/A       6%          2
 Poisonous Vapours        Pois/Air       42%        N/A       6%          2
 Fulminant Prism          Conj/Hex       16%        3d11      16%         4
 Iskenderun's Mystic Bla  Conj/Tloc      33%        2d8       16%         4
 Dispel Undead            Necr           21%        3d11      38%         4
 Olgreb's Toxic Radiance  Pois           21%        N/A       38%         4
 Summon Ice Beast         Ice/Summ       21%        N/A       38%         4
 Summon Mana Viper        Hex/Summ       21%        N/A       75%         5
 Death Channel            Necr           10%        N/A       99%         6
 Monstrous Menagerie      Summ           10%        N/A       100%        7

Inventory:

Hand Weapons
 t - a +0 halberd (weapon)
Missiles
 o - 6 javelins
 u - 6 curare-tipped darts {=f}
Armour
 a - a +0 robe (worn)
 k - a +0 cloak (worn)
 v - a +0 hat
Jewellery
 f - a +4 ring of protection (right hand)
 j - a +4 ring of slaying (left hand)
 s - an amulet of faith (around neck)
 C - a ring of resist corrosion
Scrolls
 b - 3 scrolls of teleportation {unknown}
 c - 2 scrolls of blinking {unknown}
 d - 2 scrolls of noise {unknown}
 e - a scroll of vulnerability {unknown}
 h - a scroll of enchant weapon {unknown}
 i - a scroll of holy word {unknown}
 n - 3 scrolls of identify {unknown}
 w - a scroll of torment {unknown}
 x - a scroll of magic mapping {unknown}
 y - a scroll of fog {unknown}
 z - a scroll of amnesia {unknown}
Potions
 g - a potion of flight
 l - a potion of lignification {unknown}
 m - a potion of mutation {!q}
 q - a potion of magic {unknown}
 r - 2 potions of resistance
 A - a potion of degeneration {!q}

Dungeon Overview and Level Annotations

Branches:
Dungeon (6/15)
 Temple: D:4-7

Altars:
Fedhas
Vehumet

Annotations:
D:2 1 runed translucent door, Crazy Yiuf
D:6 Maggie

▒.....▒...............
▒.@...'...............
▒.....▒...▒▒..[.......
....▒▒▒...▒▒...<...▒
... ▒.....▒▒.......▒
.. .
▒.....▒▒▒'▒▒▒▒▒▒▒..
▒..>...............
▒.@................
▒.g................
▒+▒▒▒▒▒▒▒▒▒....▒▒.
▒..▒▒.▒▒....▒
▒......(....▒▒
▒............▒
+............▒
▒............▒
▒...........▒▒
▒...........▒


You could see Maggie.


Message History

There was something very wrong with that liquid.
You feel weakened.
You feel dopey.
You feel clumsy.
Maggie gestures wildly while chanting.
Maggie attempts to bespell you! You resist with some effort.
Unknown command.
It was a potion of mutation.
You feel extremely strange.
Iridescent scales grow over part of your body.
You feel resistant to cold.
Maggie says, "Did Master Lance send you?"
Maggie hits you with a +0 long sword of flaming!
* * * LOW HITPOINT WARNING * * *
Maggie burns you.
* * * LOW HITPOINT WARNING * * *
Unknown command.
It was a potion of flight.
You feel very buoyant.
You fly up into the air.
Maggie closely misses you.
It was a potion of brilliance.
You feel clever all of a sudden. Maggie hits you but does no damage.
It was a potion of attraction.
You feel attractive to monsters.
Maggie practices a pose.
Maggie hits you with a +0 long sword of flaming!
You die...

Action                   |  1- 3 |  4- 6 |  7- 9 || total
-------------------------+-------+-------+-------++-------
Melee: Unarmed           |       |    12 |       ||    12
       Bite              |       |     2 |     2 ||     4
       Halberd           |       |       |    28 ||    28
 Cast: Magic Dart        |    59 |    67 |   115 ||   241
       Searing Ray       |       |     4 |    12 ||    16
  Use: Potion            |       |       |     6 ||     6
Armor: Robe              |       |     8 |    19 ||    27
Dodge: Dodged            |     1 |    14 |    59 ||    74

Levels and vault maps discovered:
D:1:      wheals_arrival_linesprint, layout_basic, minmay_tromino_v4_a
D:2:      layout_rooms, serial_forest, infiniplex_forest_clump_small,
          infiniplex_forest_end_2, infiniplex_forest_end_double,
          infiniplex_forest_lined_ring, infiniplex_forest_clump_medium,
          infiniplex_forest_zigzag_1, infiniplex_forest_straight_3,
          shapermc_ecumenical_altar_mp_ritualfount, palyth_stone_intersect,
          uniq_crazy_yiuf_cottage
D:3:      layout_basic, minmay_diced_spiral, uniq_ijyb
D:4:      layout_gridville, kennysheep_mini, minmay_misc_feat_encased
D:5:      kennysheep_six_static_rooms, layout_loops_ring, vehumet_crystals
D:6:      layout_gridville, uniq_duvessa, uniq_menkaure, uniq_eustachio,
          uniq_maggie

Notes
Turn   | Place    | Note
-------+----------+-------------------------------------------
     0 | D:1      | sanka the Gnoll Conjurer began the quest for the Orb.
     0 | D:1      | Reached XP level 1. HP: 13/13 MP: 6/6
   223 | D:1      | Reached XP level 2. HP: 19/19 MP: 5/7
   245 | D:1      | Learned a level 2 spell: Searing Ray
   662 | D:1      | Reached XP level 3. HP: 25/25 MP: 7/9
  1103 | D:2      | Reached skill level 5 in Spellcasting
  1168 | D:2      | Reached skill level 1 in Invocations
  1201 | D:2      | Found a faded altar of an unknown god.
  1314 | D:2      | Found a runed translucent door.
  1315 | D:2      | Noticed Crazy Yiuf
  1547 | D:2      | Reached skill level 1 in Fighting
  1547 | D:2      | Reached skill level 1 in Short Blades
  1547 | D:2      | Reached skill level 1 in Long Blades
  1547 | D:2      | Reached skill level 1 in Axes
  1547 | D:2      | Reached skill level 1 in Maces & Flails
  1547 | D:2      | Reached skill level 1 in Polearms
  1547 | D:2      | Reached skill level 1 in Staves
  1547 | D:2      | Reached skill level 1 in Slings
  1547 | D:2      | Reached skill level 1 in Bows
  1547 | D:2      | Reached skill level 1 in Crossbows
  1547 | D:2      | Reached skill level 1 in Throwing
  1547 | D:2      | Reached skill level 1 in Armour
  1547 | D:2      | Reached skill level 1 in Shields
  1547 | D:2      | Reached skill level 1 in Unarmed Combat
  1547 | D:2      | Reached skill level 1 in Evocations
  2098 | D:3      | Reached XP level 4. HP: 32/32 MP: 9/11
  2176 | D:3      | Reached skill level 1 in Hexes
  2176 | D:3      | Reached skill level 1 in Summonings
  2176 | D:3      | Reached skill level 1 in Necromancy
  2176 | D:3      | Reached skill level 1 in Translocations
  2176 | D:3      | Reached skill level 1 in Transmutations
  2176 | D:3      | Reached skill level 1 in Fire Magic
  2176 | D:3      | Reached skill level 1 in Ice Magic
  2176 | D:3      | Reached skill level 1 in Air Magic
  2176 | D:3      | Reached skill level 1 in Earth Magic
  2176 | D:3      | Reached skill level 1 in Poison Magic
  2176 | D:3      | Reached XP level 5. HP: 20/37 MP: 0/12
  2672 | D:3      | Noticed Ijyb
  2673 | D:3      | Paralysed by Ijyb for 2 turns
  2683 | D:3      | Killed Ijyb
  3300 | D:4      | Noticed an ogre
  3308 | D:4      | Killed an ogre
  3309 | D:4      | Reached skill level 2 in Invocations
  3309 | D:4      | Reached XP level 6. HP: 27/44 MP: 5/14
  3491 | D:4      | Reached skill level 2 in Fighting
  3491 | D:4      | Reached skill level 2 in Short Blades
  3491 | D:4      | Reached skill level 2 in Long Blades
  3491 | D:4      | Reached skill level 2 in Axes
  3491 | D:4      | Reached skill level 2 in Maces & Flails
  3491 | D:4      | Reached skill level 2 in Polearms
  3491 | D:4      | Reached skill level 2 in Staves
  3491 | D:4      | Reached skill level 2 in Slings
  3491 | D:4      | Reached skill level 2 in Bows
  3491 | D:4      | Reached skill level 2 in Crossbows
  3491 | D:4      | Reached skill level 2 in Throwing
  3491 | D:4      | Reached skill level 2 in Armour
  3491 | D:4      | Reached skill level 5 in Dodging
  3491 | D:4      | Reached skill level 2 in Shields
  3491 | D:4      | Reached skill level 2 in Unarmed Combat
  3491 | D:4      | Reached skill level 2 in Evocations
  3518 | D:4      | Noticed a necrophage
  3526 | D:4      | Killed a necrophage
  3594 | D:4      | Reached XP level 7. HP: 47/50 MP: 7/15
  3937 | D:4      | Reached skill level 2 in Hexes
  3937 | D:4      | Reached skill level 2 in Summonings
  3937 | D:4      | Reached skill level 2 in Necromancy
  3937 | D:4      | Reached skill level 2 in Translocations
  3937 | D:4      | Reached skill level 2 in Transmutations
  3937 | D:4      | Reached skill level 2 in Fire Magic
  3937 | D:4      | Reached skill level 2 in Ice Magic
  3937 | D:4      | Reached skill level 2 in Air Magic
  3937 | D:4      | Reached skill level 2 in Earth Magic
  3937 | D:4      | Reached skill level 2 in Poison Magic
  4364 | D:4      | Reached skill level 5 in Stealth
  4488 | D:4      | Found a blossoming altar of Fedhas.
  4600 | D:5      | Entered Level 5 of the Dungeon
  4616 | D:5      | Reached skill level 3 in Invocations
  4702 | D:5      | Found a radiant altar of Vehumet.
  4909 | D:5      | Reached XP level 8. HP: 57/57 MP: 9/16
  5017 | D:5      | Reached skill level 3 in Fighting
  5017 | D:5      | Reached skill level 3 in Short Blades
  5017 | D:5      | Reached skill level 3 in Long Blades
  5017 | D:5      | Reached skill level 3 in Axes
  5017 | D:5      | Reached skill level 3 in Maces & Flails
  5017 | D:5      | Reached skill level 3 in Polearms
  5017 | D:5      | Reached skill level 3 in Staves
  5017 | D:5      | Reached skill level 3 in Slings
  5017 | D:5      | Reached skill level 3 in Bows
  5017 | D:5      | Reached skill level 3 in Crossbows
  5017 | D:5      | Reached skill level 3 in Throwing
  5017 | D:5      | Reached skill level 3 in Armour
  5017 | D:5      | Reached skill level 3 in Shields
  5017 | D:5      | Reached skill level 3 in Unarmed Combat
  5017 | D:5      | Reached skill level 3 in Evocations
  5614 | D:5      | Reached skill level 6 in Spellcasting
  6150 | D:6      | Identified +0 swamp dragon scales
  6150 | D:6      | Noticed Maggie
  6250 | D:6      | Identified 3 potions of resistance
  6252 | D:6      | Gained mutation: You are partially covered in iridescent
                  | scales. (AC +2) [potion of mutation]
  6252 | D:6      | Gained mutation: Your flesh is cold resistant. (rC+)
                  | [potion of mutation]
  6255 | D:6      | Slain by Maggie

Vanquished Creatures
  A black bear (D:5)
  2 necrophages
  2 ogres
  A bullfrog (D:4)
  4 scorpions
  A howler monkey (D:5)
  5 hounds
  2 orc priests
  A bullfrog skeleton (D:4)
  A centaur skeleton (D:4)
  A gnoll shaman (D:4)
  Ijyb (D:3)
  4 iguanas
  2 orc wizards (D:3)
  6 gnolls
  3 adders
  A shadow imp (D:5)
  2 ufetubi (D:4)
  An adder skeleton (D:4)
  A worm (D:2)
  2 dart slugs
  14 orcs
  5 bats
  6 endoplasms
  3 giant cockroaches
  5 goblins
  7 hobgoblins
  2 jackals (D:3)
  5 quokkas
  5 ball pythons
  4 frilled lizards
  4 kobolds
  A rat (D:1)
105 creatures vanquished.

Vanquished Creatures (others)
  A fungus (D:2)
  A plant (D:2)
2 creatures vanquished.

Grand Total: 107 creatures vanquished
